 Dungeon Crawl Stone Soup version 0.19.5 (webtiles) character file.

17163 miragecloak the Impaler (level 12, -1/91 HPs)
             Began as a Merfolk Monk on May 17, 2017.
             Was a High Priest of Hepliaklqana.
             Killed from afar by a manticore (2 damage)
             ... with an exploding inner flame
             ... hexed by the player character
             ... on level 12 of the Dungeon.
             The game lasted 00:28:33 (15778 turns).

miragecloak the Impaler (Merfolk Monk)             Turns: 15778, Time: 00:28:34

Health: -1/91      AC:  5    Str: 12    XL:     12   Next: 45%
Magic:  0/17       EV: 25    Int: 13    God:    Hepliaklqana [*****.]
Gold:   842        SH:  4    Dex: 22    Spells: 0 memorised, 11 levels left

rFire  + + +     SeeInvis +     H - +3 trident
rCold  + . .     Gourm    .     T - +1 robe {rC+}
rNeg   . . .     Faith    .     (no shield)
rPois  .         Spirit   +     L - +2 hat {Int+3}
rElec  +         Reflect  .     x - +0 cloak
rCorr  .         Harm     .     (no gloves)
MR     ++...                    (no boots)
Stlth  ++........               K - amulet of Taov {Spirit MR++}
                                n - +2 ring of slaying
                                f - +4 ring of evasion

@: barbed spikes
A: change form in water, swift swim, stealthy swim, reduced essence, horns 1,
large bone plates 1, see invisible, agile 1, deformed body, fire resistance 3,
electricity resistance, wild magic 1, no device heal 1
a: Recall Ancestor, Ancestor Identity, Transference, Idealise, Renounce Religion


You were on level 12 of the Dungeon.
You worshipped Hepliaklqana.
Hepliaklqana was extremely pleased with you.
You were not hungry.

You visited 4 branches of the dungeon, and saw 15 of its levels.

You collected 842 gold pieces.

Inventory:

Hand Weapons
 H - a +3 trident (weapon)
Armour
 x - a +0 cloak (worn)
 L - a +2 hat of intelligence (worn)
 T - a +1 robe of cold resistance (worn)
Jewellery
 b - an uncursed ring of protection from magic
 d - an uncursed ring of protection from fire {unknown}
 f - a +4 ring of evasion (left hand)
 l - an uncursed ring of magical power
 m - an uncursed ring of protection from magic
 n - a +2 ring of slaying (right hand)
 K - the amulet of Taov (around neck) {Spirit MR++}
   (You found it on level 8 of the Dungeon)

   [amulet of guardian spirit]

   It causes incoming damage to be split between your health and magic.
   It affects your resistance to hostile enchantments.
 S - an uncursed ring of ice
Wands
 i - a wand of slowing (15/48)
 J - a wand of acid (7/15)
 M - a wand of slowing (38/48)
 U - a wand of heal wounds (2/9)
Scrolls
 e - 2 scrolls of fear {unknown}
 g - a scroll of recharging {unknown}
 h - 4 scrolls of enchant weapon {unknown}
 k - 12 scrolls of identify {unknown}
 o - 4 scrolls of magic mapping {unknown}
 p - 8 scrolls of remove curse
 q - 2 scrolls of blinking {unknown}
 r - 3 scrolls of immolation
 y - 4 scrolls of enchant armour {unknown}
 z - 3 scrolls of random uselessness {unknown}
 E - a scroll of teleportation {unknown}
 I - 4 scrolls of noise {unknown}
 N - a scroll of fog {unknown}
 Q - 2 scrolls of torment {unknown}
Potions
 j - 2 potions of haste {unknown}
 s - a potion of cure mutation {unknown}
 t - 3 potions of curing
 B - 2 potions of beneficial mutation {unknown}
 D - a potion of ambrosia {unknown}
 F - 2 potions of resistance {unknown}
 G - a potion of agility {unknown}
Books
 a - a book of Transfigurations

   Spells                             Type                      Level
   a - Irradiate                      Conjuration/Transmutation    5
   b - Statue Form                    Transmutation/Earth          6
   c - Hydra Form                     Transmutation                6
   d - Dragon Form                    Transmutation                7
 u - a book of Maledictions

   Spells                             Type                      Level
   a - Corona                         Hexes                        1
   b - Ensorcelled Hibernation        Hexes/Ice                    2
   c - Confuse                        Hexes                        3
   d - Tukima's Dance                 Hexes                        3
   e - Dazzling Spray                 Conjuration/Hexes            3
 C - a book of Geomancy

   Spells                             Type                      Level
   a - Sandblast                      Earth                        1
   b - Passwall                       Transmutation/Earth          2
   c - Stone Arrow                    Conjuration/Earth            3
   d - Petrify                        Transmutation/Earth          4
   e - Lee's Rapid Deconstruction     Earth                        5
 R - a book of Air

   Spells                             Type                      Level
   a - Shock                          Conjuration/Air              1
   b - Swiftness                      Charms/Air                   2
   c - Repel Missiles                 Charms/Air                   2
   d - Static Discharge               Conjuration/Air              3
   e - Lightning Bolt                 Conjuration/Air              5
Comestibles
 c - 9 bread rations
 v - 2 chunks of flesh
 w - 4 meat rations
 O - 4 fruits
 P - 8 slices of pizza


   Skills:
 + Level 12.2 Fighting
 - Level 17.0 Polearms
 - Level 4.0 Armour
 - Level 10.0 Dodging
 - Level 2.1 Stealth
 + Level 7.7 Invocations


You had 11 spell levels left.
You didn't know any spells.

Dungeon Overview and Level Annotations

Branches:
Dungeon (12/15)            Temple (1/1) D:7            Lair (1/6) D:10
    Orc (1/2) D:10

Altars:
Ashenzari
Cheibriados
Dithmenos
Elyvilon
Fedhas
Gozag
Hepliaklqana
Kikubaaqudgha
Makhleb
Nemelex Xobeh
Okawaru
Qazlal
Ru
Sif Muna
Trog
Uskayaw
Vehumet
Xom
Yredelemnul
Zin
The Shining One

Shops:
D:6 }   D:9 (   D:11 !(%

Annotations:
D:7 Exporg's ghost, novice GrBe


Innate Abilities, Weirdness & Mutations

You revert to your normal form in water.
You are very nimble and swift while swimming.
You are very stealthy in the water. (Stealth+)
Your life essence is reduced. (-10% HP)
You have a pair of small horns on your head.
You are partially covered in large bone plates. (SH +4)
You have supernaturally acute eyesight. (SInv)
You are agile. (Dex +2)
Armour fits poorly on your strangely shaped body.
Your flesh is almost immune to the effects of heat. (rF+++)
You are resistant to electric shocks. (rElec)
Your spells are a little harder to cast, but a little more powerful.
Potions and wands are less effective at restoring your health.


Message History

The orc shouts!
The manticore bites you but does no damage.
The manticore misses you. The manticore completely misses you.
You hit the manticore but do no damage. You headbutt the manticore.
The manticore is almost dead.
You hit the manticore but do no damage.
You headbutt the manticore, but do no damage.
The manticore is almost dead.
The orc throws a tomahawk.
The tomahawk misses you.
The tomahawk hits the manticore.
The manticore bites you!!
* * * LOW HITPOINT WARNING * * *
The manticore claws you!
* * * LOW HITPOINT WARNING * * *
The manticore barely misses you.
You closely miss the manticore. You headbutt the manticore.
The manticore is almost dead.
You puncture the manticore!
The manticore explodes!
The fiery explosion engulfs you! You resist.
You die...

... #........ .. ####.#
##........
#.##....###......... ##!..
#.............. ##
#...###.............. }..
###.#.#................ ....
................#####.)
..O.##. #§§..........# #..
.W..... #§§@##.......##.....
....... #§§.....%%..)......#
.....#.##.§§§...^.(.........
......)§.§§§##.÷............
.######§§§§§..%..####....#..
.)....§.§%%...#oo.......#.#
....%...#.###........
...#####%.# #######.# ..
#.## .#


You could see 2 orcs.

Vanquished Creatures
  A hydra (Lair:1)
  Fannar (D:10)
  2 ugly things
  Maurice (D:12)
  A spiny frog (Lair:1)
  2 two-headed ogres
  3 slime creatures (D:12)
  The ghost of Turgon the Insei, an amateur OpTm (D:6)
  5 hippogriffs
  6 yaks
  A wraith (D:12)
  A vampire (D:11)
  A human (D:9)
  The ghost of Trampli the Scratcher, an amateur FeTm (D:5)
  Eustachio (D:6)
  2 vampire mosquitoes (D:12)
  Menkaure (D:5)
  A soldier ant (D:11)
  A porcupine (Lair:1)
  6 orc warriors
  5 sky beasts
  A necrophage (D:9)
  2 phantoms
  2 black bears
  2 ice beasts (D:6)
  3 ogres
  An eye of draining (D:12)
  2 centaurs
  2 crocodiles
  5 bullfrogs
  A gnoll sergeant (D:9)
  3 scorpions
  A water moccasin skeleton (D:9)
  4 killer bees
  2 howler monkeys (D:9)
  8 electric eels
  5 crimson imps
  A bullfrog zombie (D:10)
  2 quasits
  13 orc priests
  6 hounds
  16 orc wizards
  2 bullfrog skeletons
  6 iguanas
  9 worker ants
  2 hound zombies
  A hound skeleton (D:9)
  A howler monkey zombie (D:5)
  9 gnolls
  A worker ant zombie (D:5)
  17 adders
  A shadow imp (D:10)
  An ooze (D:2)
  A worm zombie (D:4)
  An adder zombie (D:9)
  4 worms
  3 dart slugs
  7 leopard geckos
  39 orcs
  2 giant cockroaches
  15 goblins
  9 hobgoblins
  13 jackals
  4 quokkas
  3 ball pythons
  6 bats
  4 frilled lizards
  A jackal skeleton (D:4)
  2 jackal zombies
  10 kobolds
  A kobold zombie (D:4)
  A quokka skeleton (D:10)
  13 rats
315 creatures vanquished.

Vanquished Creatures (collateral kills)
  Gastronok (D:11)
  A hill giant (D:11)
  A troll (D:11)
  A slime creature (D:12)
  A basilisk (D:10)
  3 yaks (Lair:1)
  5 orc warriors
  An ice beast (D:8)
  A crocodile (D:10)
  A bullfrog (Lair:1)
  A gnoll sergeant (D:8)
  5 killer bees
  A crimson imp (D:8)
  An orc priest (D:7)
  A hound (D:12)
  2 centaur skeletons (D:9)
  3 orc wizards (D:10)
  An iguana (D:9)
  A worker ant (D:10)
  A hound skeleton (D:8)
  2 gnolls
  A leopard gecko (D:10)
  6 orcs
  A jackal (D:10)
43 creatures vanquished.

Vanquished Creatures (others)
  3 knights
  A quokka (D:5)
  A plant (Lair:1)
5 creatures vanquished.

Grand Total: 363 creatures vanquished

Notes
Turn   | Place    | Note
-------+----------+-------------------------------------------
     0 | D:1      | miragecloak the Merfolk Monk began the quest for the Orb.
     0 | D:1      | Reached XP level 1. HP: 18/18 MP: 1/1
    55 | D:1      | Reached skill level 5 in Polearms
    93 | D:1      | Reached XP level 2. HP: 24/24 MP: 2/2
   305 | D:1      | Reached skill level 6 in Polearms
   305 | D:1      | Reached XP level 3. HP: 29/29 MP: 3/3
   686 | D:2      | Reached skill level 7 in Polearms
   686 | D:2      | Reached XP level 4. HP: 31/35 MP: 4/4
  1293 | D:2      | Found a glowing silver altar of Zin.
  1294 | D:2      | Found an opulent altar of Gozag.
  1681 | D:2      | Reached skill level 8 in Polearms
  1689 | D:2      | Found a glowing golden altar of the Shining One.
  1936 | D:3      | Reached XP level 5. HP: 41/41 MP: 5/5
  2133 | D:3      | Found a shattered altar of Ashenzari.
  2838 | D:4      | Reached skill level 9 in Polearms
  2872 | D:4      | Reached XP level 6. HP: 35/47 MP: 6/6
  3498 | D:4      | Reached skill level 10 in Polearms
  3627 | D:4      | Found an iron altar of Okawaru.
  3797 | D:5      | Entered Level 5 of the Dungeon
  3811 | D:5      | Noticed Menkaure
  3908 | D:5      | Found a white marble altar of Elyvilon.
  3975 | D:5      | Noticed a sky beast
  3995 | D:5      | Killed a sky beast
  3995 | D:5      | Reached skill level 11 in Polearms
  3995 | D:5      | Reached XP level 7. HP: 44/52 MP: 7/7
  4227 | D:5      | Noticed Trampli's ghost (amateur FeTm)
  4413 | D:6      | Noticed Turgon's ghost (amateur OpTm)
  4646 | D:5      | Found a bloodstained altar of Trog.
  4705 | D:5      | Killed Menkaure
  4705 | D:5      | Reached skill level 5 in Fighting
  4722 | D:5      | Killed Trampli's ghost
  4722 | D:5      | Reached XP level 8. HP: 65/65 MP: 8/8
  4894 | D:5      | Found a burning altar of Makhleb.
  4899 | D:5      | Found a shadowy altar of Dithmenos.
  4902 | D:5      | Found a shimmering altar of Xom.
  4996 | D:6      | Noticed Eustachio
  5013 | D:6      | Killed Eustachio
  5013 | D:6      | Reached skill level 5 in Dodging
  5315 | D:6      | Found Enopomos's Gadget Boutique.
  5595 | D:6      | Found a hide-covered altar of Uskayaw.
  6022 | D:7      | Noticed Exporg's ghost (novice GrBe)
  6029 | D:6      | Reached skill level 12 in Polearms
  6098 | D:6      | Reached XP level 9. HP: 51/71 MP: 9/9
  6482 | D:7      | Reached skill level 13 in Polearms
  6726 | D:7      | Reached skill level 14 in Polearms
  7043 | D:8      | Gained mutation: You have a beak for a mouth. [mutagenic meat]
  7044 | D:8      | Gained mutation: Your flesh is heat resistant. (rF+) [mutagenic meat]
  7045 | D:8      | Gained mutation: You are partially covered in large bone plates. (SH +4) [mutagenic meat]
  7047 | D:8      | Gained mutation: You are agile. (Dex +2) [mutagenic meat]
  7048 | D:8      | Gained mutation: Potions and wands are less effective at restoring your health. [mutagenic meat]
  7384 | D:9      | Noticed a two-headed ogre
  7606 | D:6      | Killed Turgon's ghost
  7606 | D:6      | Reached skill level 15 in Polearms
  8338 | D:7      | Found a staircase to the Ecumenical Temple.
  8441 | Temple   | Entered the Ecumenical Temple
  8539 | Temple   | Became a worshipper of Hepliaklqana the Forgotten
  8539 | Temple   | Reached * piety under Hepliaklqana
  8539 | Temple   | Reached ** piety under Hepliaklqana
  8540 | Temple   | Remembered your ancestor Thamphthis as a knight
  9634 | D:7      | Reached skill level 16 in Polearms
  9915 | D:7      | Reached XP level 10. HP: 69/69 MP: 10/10
 10163 | D:8      | Reached skill level 1 in Armour
 10444 | D:8      | Got a translucent bone amulet
 10445 | D:8      | Identified the amulet of Taov {Spirit MR++} (You found it on level 8 of the Dungeon)
 10872 | D:9      | Found an ancient bone altar of Kikubaaqudgha.
 10988 | D:9      | Gained mutation: Armour fits poorly on your strangely shaped body. [mutagenic meat]
 10990 | D:9      | Gained mutation: You are resistant to electric shocks. (rElec) [mutagenic meat]
 10991 | D:9      | Gained mutation: You have supernaturally acute eyesight. (SInv) [mutagenic meat]
 11344 | D:9      | Reached *** piety under Hepliaklqana
 11496 | D:9      | Found Soxyfel's Antique Weapon Boutique.
 11871 | D:10     | Entered Level 10 of the Dungeon
 11952 | D:10     | Noticed Fannar
 11973 | D:10     | Killed Fannar
 12000 | D:10     | Reached XP level 11. HP: 71/78 MP: 9/11
 12135 | D:10     | Reached skill level 10 in Dodging
 12274 | D:10     | Reached **** piety under Hepliaklqana
 12397 | D:10     | Gained mutation: Your flesh is very heat resistant. (rF++) [mutagenic meat]
 12398 | D:10     | Gained mutation: Your flesh is almost immune to the effects of heat. (rF+++) [mutagenic meat]
 12400 | D:10     | Gained mutation: Your spells are a little harder to cast, but a little more powerful. [mutagenic meat]
 12417 | D:10     | Found a staircase to the Lair.
 13034 | D:10     | Found a staircase to the Orcish Mines.
 13068 | Orc:1    | Entered Level 1 of the Orcish Mines
 13071 | Orc:1    | Noticed an orc knight
 13073 | Orc:1    | Reached skill level 17 in Polearms
 13298 | D:11     | Found Qopou's Food Shop.
 13312 | D:11     | Noticed a red ugly thing
 13324 | D:11     | Killed a red ugly thing
 13324 | D:11     | Reached skill level 1 in Invocations
 13329 | D:11     | Lost mutation: You have a beak for a mouth. [mutagenic meat]
 13476 | D:11     | Found Oshuceb's Weapon Shoppe.
 13481 | D:11     | Noticed Gastronok
 13506 | D:11     | Killed Gastronok
 13506 | D:11     | Reached skill level 10 in Fighting
 13806 | D:11     | Noticed a hill giant
 13819 | D:11     | Killed a hill giant
 13935 | D:11     | Found Raunorofaa's Distillery.
 14558 | D:12     | Reached skill level 5 in Invocations
 14656 | Lair:1   | Entered Level 1 of the Lair of Beasts
 14927 | D:10     | Reached XP level 12. HP: 78/90 MP: 16/16
 15023 | Lair:1   | Noticed an eight-headed hydra
 15272 | Lair:1   | Killed an eight-headed hydra
 15666 | D:12     | Gained mutation: You have a pair of small horns on your head. [mutagenic meat]
 15742 | D:12     | Reached ***** piety under Hepliaklqana
 15743 | D:12     | Noticed Maurice
 15760 | D:12     | Killed Maurice
 15776 | D:12     | HP: 1/91 [manticore (9)]
 15778 | D:12     | Killed from afar by a manticore

Skill      XL: |  1  2  3  4  5  6  7  8  9 10 11 12 |
---------------+-------------------------------------+-----
Polearms       | 5 6 7 8 9 11 12 16 17 | 17.0
Fighting       | 6 8 11 12 | 12.2
Dodging        | 7 9 10 | 10.0
Armour         | 3 4 |  4.0
Invocations    | 5 7 |  7.7
Stealth        | |  2.1

Action                   |  1- 3 |  4- 6 |  7- 9 | 10-12 || total
-------------------------+-------+-------+-------+-------++-------
Melee: Spear             |   136 |   313 |   188 |       ||   637
       Trident           |       |       |   230 |   707 ||   937
       Peck              |       |       |    15 |    78 ||    93
       Tailslap          |       |       |       |     5 ||     5
       Headbutt          |       |       |       |     7 ||     7
Invok: Ancestor Life: Kn |       |       |     1 |       ||     1
       Ancestor Identity |       |       |     1 |       ||     1
  Use: Potion            |       |       |     4 |     5 ||     9
       Scroll            |       |       |       |     2 ||     2
 Stab: Sleeping          |     3 |    15 |     5 |     8 ||    31
       Distracted        |       |       |     2 |    11 ||    13
  Eat: Chunk             |       |    10 |    21 |    33 ||    64
       Beef jerky        |       |       |     1 |       ||     1
       Pizza             |       |       |     1 |       ||     1
Armor: Robe              |    13 |    27 |    20 |    16 ||    76
       Skin              |       |       |     9 |       ||     9
Dodge: Dodged            |    76 |   154 |   177 |   318 ||   725
Block: Other             |       |       |     8 |    62 ||    70
